[Event "Titled Tuesday Blitz February 07 Early 2023"]
[White "Taspinar, Yanki"]
[Black "The_Sherman_Variation"]
[WhiteFideId "34561188"]
[WhiteElo "2262"]
[BlackElo "2461"]
[Result "1-0"]
[Round "04"]
[TimeControl "180+2"]
[Date "2023.02.07"]
[WhiteClock "0:01:28"]
[BlackClock "0:00:16"]

1. Nf3 Nf6 2. g3 g6 3. Bg2 Bg7 4. O-O O-O 5. d4 d6 6. b3 Nbd7 7. Bb2 c6 8. Nbd2 Qc7 9. e4 e5 10. Re1 a5 11. a4 Re8 12. Nc4 Nh5 13. Ba3 Bf8 14. dxe5 Nxe5 15. Bxd6 Bxd6 16. Qxd6 Qxd6 17. Nxd6 Re6 18. Nxe5 Rxe5 19. f4 Re7 20. Rad1 Bg4 21. Rd2 Rd8 22. e5 Ng7 23. h3 Be6 24. Red1 Red7 25. g4 h5 26. Bf3 hxg4 27. hxg4 Ne8 28. Kf2 Kf8 29. Ke3 Nxd6 30. exd6 f6 31. Kf2 g5 32. f5 Bd5 33. c4 Bg8 34. Rd3 Rh7 35. Kg3 Ke8 36. c5 Kd7 37. Re1 Rf8 38. Rde3 Kc8 39. Re8+ Rxe8 40. Rxe8+ Kd7 41. Rxg8 b6 42. cxb6 c5 43. b7 c4 44. b8=Q cxb3 45. Qc7# 1-0


[Site "https://www.chess.com"]

[Event "Titled Tuesday Blitz February 07 Early 2023"]
[White "Antonios, Johnny"]
[Black "Skliarov, Viktor"]
[WhiteFideId "5300843"]
[BlackFideId "14106736"]
[WhiteElo "2269"]
[BlackElo "2383"]
[Result "1-0"]
[Round "04"]
[TimeControl "180+2"]
[Date "2023.02.07"]
[WhiteClock "0:00:46"]
[BlackClock "0:00:07"]

1. e4 c5 2. Nf3 Nc6 3. Bb5 e6 4. O-O Nge7 5. Re1 Nd4 6. Nxd4 cxd4 7. c4 a6 8. Ba4 Rb8 9. d3 b5 10. cxb5 axb5 11. Bb3 Bb7 12. Na3 Bc6 13. Nc2 Qb6 14. Bf4 Ra8 15. Bd6 Ng6 16. Bxf8 Nxf8 17. Qg4 Ng6 18. e5 h5 19. Qxd4 Qxd4 20. Nxd4 Nf4 21. Nxc6 dxc6 22. Rad1 Ke7 23. g3 Nd5 24. Rc1 Kd7 25. a3 h4 26. Kf1 hxg3 27. hxg3 Rh2 28. Ke2 Rah8 29. Bxd5 exd5 30. d4 R8h5 31. Ke3 Rf5 32. Rc2 g5 33. Rec1 g4 34. f4 Rh3 35. Rg1 Rfh5 36. Rf2 f5 37. exf6 Rf5 38. Kd3 Ke6 39. Re2+ Kxf6 40. Re5 Kg6 41. Re6+ Rf6 42. Re8 Rxf4 43. Rg8+ Kf7 44. Rc8 Rf3+ 45. Kc2 Rh2+ 46. Kb1 Rff2 47. Rc7+ Kf8 48. Rc8+ Ke7 49. Rxc6 Rxb2+ 50. Kc1 Ra2 51. Kb1 Rhb2+ 52. Kc1 Ra1+ 53. Kxb2 Rxg1 54. Rc5 Kd6 55. Rc3 Rxg3 56. Rxg3 1-0


[Site "https://www.chess.com"]

[Event "Titled Tuesday Blitz February 07 Early 2023"]
[White "Dong, Bao Nghia"]
[Black "Przybylski, Wojciech"]
[WhiteFideId "12400343"]
[BlackFideId "1117599"]
[WhiteElo "2332"]
[BlackElo "2321"]
[Result "1-0"]
[Round "04"]
[TimeControl "180+2"]
[Date "2023.02.07"]
[WhiteClock "0:00:53"]
[BlackClock "0:00:06"]

1. d4 Nf6 2. Nf3 d5 3. g3 Bg4 4. Bg2 e6 5. O-O Be7 6. b3 O-O 7. a4 Nbd7 8. Bb2 a6 9. Nbd2 h6 10. Ne5 Bf5 11. Re1 c5 12. e3 Rc8 13. c4 Qc7 14. Rc1 Nxe5 15. dxe5 Ne4 16. Nf1 Rfd8 17. cxd5 Rxd5 18. Qe2 Rcd8 19. Rc2 R5d7 20. f3 Ng5 21. e4 Bg6 22. f4 Nh7 23. g4 Nf8 24. f5 Bh7 25. f6 gxf6 26. exf6 Bd6 27. e5 Bxc2 28. exd6 Qxd6 29. Qxc2 Qf4 30. Qxc5 Rc7 31. Qe5 Qxe5 32. Bxe5 Rc2 33. Bxb7 Ng6 34. Bg3 Rb2 35. Bxa6 Rxb3 36. Bb5 Rd4 37. Ne3 Nf4 38. Bxf4 Rxf4 39. h3 Rxf6 40. Bc6 Rc3 41. Bg2 Rf4 42. Nd1 Ra3 43. Bc6 Rb3 44. Kg2 Rd4 45. Nf2 Rd2 46. Kg1 Rbb2 47. Rf1 Ra2 48. Bb5 Rdc2 49. Bd3 Rcb2 50. Bb5 Kg7 51. Kg2 f5 52. gxf5 exf5 53. Kf3 Kf6 54. Nd3 Rb3 55. Ke3 Raa3 56. Kd4 Ra2 57. Bd7 Rba3 58. Rxf5+ Ke7 59. Bb5 Rd2 60. Rh5 Rh2 61. Rxh6 Ra1 62. h4 Rah1 63. a5 Rxh4+ 64. Rxh4 Rxh4+ 65. Kc5 Kd8 66. a6 Kc7 67. Nb4 Rh5+ 68. Nd5+ Kb8 69. Bc6 Ka7 70. Bb7 Rh6 71. Nb4 Rg6 72. Kb5 Rg5+ 73. Nd5 Rh5 74. Kc5 Rg5 75. Kd6 Rg6+ 76. Kc7 Rxa6 77. Ne7 1-0


[Site "https://www.chess.com"]

[Event "Titled Tuesday Blitz February 07 Early 2023"]
[White "Akobian, Varuzhan"]
[Black "Bilan, Danila"]
[WhiteFideId "13300580"]
[BlackFideId "24161918"]
[WhiteElo "2591"]
[BlackElo "2303"]
[Result "1-0"]
[Round "04"]
[TimeControl "180+2"]
[Date "2023.02.07"]
[WhiteClock "0:01:53"]
[BlackClock "0:00:14"]

1. d4 d5 2. c4 c6 3. cxd5 cxd5 4. Nf3 Nf6 5. Nc3 Nc6 6. Bf4 Bf5 7. e3 e6 8. Qb3 Qb6 9. Bb5 Nd7 10. O-O a6 11. Bxc6 bxc6 12. Rfc1 Qxb3 13. axb3 Bb4 14. Na4 Rc8 15. Ne5 Nxe5 16. Bxe5 f6 17. Bg3 Bd3 18. Nb6 Ke7 19. Nxc8+ Rxc8 20. h4 Bb5 21. Rd1 Be2 22. Rdc1 Bb5 23. Bf4 h6 24. h5 Bd2 25. Rc2 Bb4 26. f3 Kd7 27. Rd1 f5 28. Be5 Bf8 29. Kf2 Ra8 30. Rg1 Bd3 31. Rd2 Bb5 32. g4 fxg4 33. Rxg4 1-0


[Site "https://www.chess.com"]

[Event "Titled Tuesday Blitz February 07 Early 2023"]
[White "Belozerov, Andrei"]
[Black "Gutkin, Ilya"]
[WhiteFideId "4120213"]
[BlackFideId "16203470"]
[WhiteElo "2461"]
[BlackElo "2273"]
[Result "1-0"]
[Round "04"]
[TimeControl "180+2"]
[Date "2023.02.07"]
[WhiteClock "0:00:11"]
[BlackClock "0:00:01"]

1. e4 e6 2. d4 d5 3. Nd2 c5 4. exd5 exd5 5. Ngf3 a6 6. Be2 Nf6 7. O-O Be7 8. dxc5 Bxc5 9. Nb3 Bb6 10. Nfd4 O-O 11. Be3 Nc6 12. c3 h6 13. Re1 Re8 14. Qc2 Ng4 15. Bxg4 Bxg4 16. f3 Bh5 17. Qf2 Ne5 18. Nf5 Bxe3 19. Rxe3 Bg6 20. Rae1 f6 21. Nbd4 Qb6 22. h3 Nc4 23. Rxe8+ Rxe8 24. Rxe8+ Bxe8 25. Qg3 g6 26. Qb8 gxf5 27. Qxe8+ Kg7 28. Qe7+ Kg6 29. Kh1 Qxb2 30. Qe8+ Kg5 31. h4+ Kxh4 32. Nxf5+ Kg5 33. Nd4 Qxc3 34. Qg8+ Kf4 35. Ne2+ Ke3 36. Nxc3 d4 37. Nd5+ Kd3 38. Nf4+ Kc3 39. Ne2+ Kd3 40. Qd5 Ne5 41. Nf4+ Ke3 42. Qxb7 Kxf4 43. Qe4+ 1-0


[Site "https://www.chess.com"]

[Event "Titled Tuesday Blitz February 07 Early 2023"]
[White "Mesa Cruz, Juan Carlos"]
[Black "EREBUNI91"]
[WhiteFideId "6423400"]
[WhiteElo "2122"]
[BlackElo "2666"]
[Result "0-1"]
[Round "04"]
[TimeControl "180+2"]
[Date "2023.02.07"]
[WhiteClock "0:00:38"]
[BlackClock "0:01:00"]

1. e4 c5 2. Nf3 d6 3. d4 cxd4 4. Nxd4 Nf6 5. Nc3 a6 6. Bg5 Nbd7 7. f4 Qc7 8. Qf3 h6 9. Bh4 g5 10. fxg5 hxg5 11. Bxg5 Qc5 12. Qe3 Ng4 13. Qd2 Bg7 14. Nf5 Bxc3 15. bxc3 Ndf6 16. Bd3 Bxf5 17. exf5 Rxh2 18. Rxh2 Qg1+ 19. Bf1 Nxh2 20. O-O-O Nxf1 21. Qe1 Kd7 22. Bxf6 Qe3+ 23. Qxe3 Nxe3 24. Re1 Nxf5 25. Bd4 Rg8 26. Re2 Nh4 27. Rf2 f6 28. a4 Rxg2 29. Rf4 Ng6 30. Re4 e5 31. Be3 f5 32. Rb4 Kc7 33. Rc4+ Kd7 34. Bb6 f4 35. Rc7+ Ke6 36. Rxb7 f3 37. Rg7 Kf6 38. Rg8 f2 39. Bxf2 Rxf2 40. Ra8 e4 41. Rxa6 Ke6 42. Ra8 e3 43. Kd1 Ne5 44. a5 Rd2+ 45. Kc1 Rh2 46. Kd1 e2+ 47. Kd2 Nf3+ 48. Kc1 e1=Q+ 49. Kb2 Kd5 50. a6 Qd2 51. Rc8 Qxc2+ 52. Ka3 Qa2+ 0-1


[Site "https://www.chess.com"]

[Event "Titled Tuesday Blitz February 07 Early 2023"]
[White "Borgaonkar Akshay"]
[Black "Foerster-Yialamas, Lucas"]
[WhiteFideId "25639110"]
[BlackFideId "30901774"]
[WhiteElo "1991"]
[BlackElo "2151"]
[Result "1/2-1/2"]
[Round "04"]
[TimeControl "180+2"]
[Date "2023.02.07"]
[WhiteClock "0:00:16"]
[BlackClock "0:00:14"]

1. Nf3 c5 2. g3 Nc6 3. Bg2 e5 4. d3 d5 5. O-O Nf6 6. e4 dxe4 7. dxe4 Bg4 8. c3 Qxd1 9. Rxd1 Nxe4 10. Re1 f5 11. h3 Bxf3 12. Bxf3 O-O-O 13. Na3 Be7 14. Bxe4 fxe4 15. Be3 a6 16. Nc4 b5 17. Nd2 h6 18. Nxe4 c4 19. a3 g5 20. g4 Rhf8 21. Kg2 Kc7 22. Rad1 Rd3 23. Bc5 Rfd8 24. Rxd3 cxd3 25. Bxe7 Nxe7 26. Rd1 Kc6 27. f3 Nd5 28. Kf2 Nf4 29. Ke3 Kd5 30. b4 Kc4 31. Nc5 Kxc3 32. Rc1+ Kb2 33. Kd2 Nxh3 34. Rh1 Nf4 35. Rxh6 Kxa3 36. Nxa6 Rd4 37. Rh1 Rc4 38. Ra1+ Kb2 39. Ra5 Rc2+ 40. Kd1 Rh2 41. Rxb5 Kc3 42. Rc5+ Kd4 43. Nc7 Ne2 44. Ne6+ Ke3 45. Rxe5+ Kxf3 46. Nxg5+ Kf4 47. Rf5+ Kxg4 48. Rc5 Nf4 49. Ne4 Rh1+ 50. Kd2 Rh2+ 51. Kd1 Rb2 52. b5 Kf3 53. Nd2+ Kf2 54. Ne4+ Ke3 55. Nc3 Rd2+ 56. Kc1 Rc2+ 57. Kd1 Ne2 58. Nd5+ Kd4 59. Rxc2 dxc2+ 60. Kxc2 Kxd5 61. b6 Nd4+ 62. Kd3 Nc6 63. b7 Nb8 64. Kc3 Kc6 65. Kd2 Kb6 66. Ke3 Kc6 67. Kf2 Kc7 68. Kg3 Kc6 69. Kh4 Kb6 70. Kg5 Kc6 71. Kf6 Kc7 72. Kg7 Kc6 73. Kh8 Kb6 74. Kh7 Kxb7 1/2-1/2


[Site "https://www.chess.com"]

[Event "Titled Tuesday Blitz February 07 Early 2023"]
[White "I_KID_you_not"]
[Black "Kuderinov, Kirill"]
[BlackFideId "13701568"]
[WhiteElo "2342"]
[BlackElo "2404"]
[Result "0-1"]
[Round "04"]
[TimeControl "180+2"]
[Date "2023.02.07"]
[WhiteClock "0:00:01"]
[BlackClock "0:00:06"]

1. e4 c5 2. Nc3 Nc6 3. Bb5 g6 4. Bxc6 dxc6 5. d3 Bg7 6. f4 Nf6 7. Nf3 O-O 8. O-O Nd7 9. Kh1 Re8 10. Be3 b6 11. Qe1 Nf8 12. Qh4 f6 13. e5 Ne6 14. f5 gxf5 15. Bh6 fxe5 16. Bxg7 Nxg7 17. Nxe5 e6 18. Qh6 Rf8 19. Rae1 Qf6 20. Qxf6 Rxf6 21. Nxc6 Bb7 22. Ne5 Rd8 23. Kg1 Rff8 24. Re2 a6 25. a4 Rd4 26. Rfe1 f4 27. Nf3 Bxf3 28. gxf3 Rf6 29. Kf2 Rh6 30. Rh1 Nf5 31. Rg1+ Kf7 32. Kg2 Ne3+ 33. Kh1 Rh3 34. Nd1 Nf5 35. Rf2 Ng3+ 36. Kg2 Rh5 37. hxg3 fxg3 38. Re2 Rxa4 0-1


[Site "https://www.chess.com"]

[Event "Titled Tuesday Blitz February 07 Early 2023"]
[White "Kvaloy, Aksel Bu"]
[Black "Perez Rodriguez, Jennifer"]
[WhiteFideId "1528815"]
[BlackFideId "3507831"]
[WhiteElo "2321"]
[BlackElo "2242"]
[Result "1/2-1/2"]
[Round "04"]
[TimeControl "180+2"]
[Date "2023.02.07"]
[WhiteClock "0:00:16"]
[BlackClock "0:00:06"]

1. d4 d5 2. c4 c6 3. Nf3 Nf6 4. Qc2 e6 5. g3 Nbd7 6. Bg2 Bd6 7. O-O O-O 8. Nbd2 e5 9. dxe5 Nxe5 10. Nxe5 Bxe5 11. Nf3 Bd6 12. Rd1 Qe7 13. Bg5 dxc4 14. Nd2 h6 15. Bxf6 gxf6 16. Nxc4 Bc7 17. Ne3 Qe5 18. Bf3 Be6 19. Ng4 Qg5 20. h4 Qg6 21. Qxg6+ fxg6 22. Nxh6+ Kg7 23. Ng4 Bxg4 24. Bxg4 f5 25. Bf3 Rad8 26. e3 Be5 27. Rab1 Rxd1+ 28. Rxd1 Rf7 29. b3 Kf6 30. Kf1 Re7 31. Ke2 Ke6 32. h5 gxh5 33. Bxh5 Rh7 34. Bf3 Rh2 35. Kf1 Rh8 36. Kg2 Rc8 37. Be2 Rc7 38. Bc4+ Kf6 39. f4 Bc3 40. Rd6+ Ke7 41. Re6+ Kd8 42. Rh6 Re7 43. Kf3 Bd2 44. Re6 Rg7 45. Re5 Be1 46. Rxf5 Rxg3+ 47. Ke2 Bc3 48. Rf8+ Kc7 49. Rf7+ Kb6 50. Kd3 Bb2 51. f5 Bc1 52. Re7 Rf3 53. Re5 Kc7 54. Re7+ Kd6 55. Re6+ Kd7 56. f6 b5 57. Re7+ Kd8 58. Bg8 Rxf6 59. Rxa7 Rd6+ 60. Ke2 Rg6 61. Bh7 Re6 62. e4 Bb2 63. Bf5 Re7 64. Ra8+ Kc7 65. Kd3 Be5 66. Ra7+ Kd6 67. Ra8 Kc5 68. Rd8 Ra7 69. a4 bxa4 70. bxa4 Rxa4 71. Re8 Rd4+ 72. Ke2 Bd6 73. e5 Rd5 74. exd6 Kxd6 75. Rf8 Re5+ 76. Kd3 Ke7 77. Rc8 Rxf5 78. Rxc6 Rf6 79. Rc4 Rd6+ 80. Ke3 Re6+ 81. Kf4 Rf6+ 82. Kg5 Rf1 83. Ra4 Kd6 84. Ra7 Rg1+ 85. Kf5 Rf1+ 86. Ke4 Re1+ 87. Kd3 Rd1+ 88. Ke2 Rg1 89. Ra6+ Kc5 90. Kf2 Rb1 91. Rh6 Rb2+ 92. Ke3 Rb3+ 93. Ke4 Rb4+ 94. Ke5 Rb6 95. Rh8 Kc4 96. Rh4+ Kd3 97. Rh3+ Ke2 98. Ra3 Rb5+ 99. Kf4 Rb4+ 100. Kg3 Kd2 101. Ra2+ Kc3 102. Rf2 Rb3 103. Kf4 Rb4+ 104. Ke3 Rb1 105. Rf8 Re1+ 106. Kf2 Rd1 107. Ke2 Rd2+ 108. Ke1 Rd5 109. Rc8+ Kd4 110. Kd2 Ke5+ 111. Ke3 Kd6 112. Ke4 Re5+ 113. Kf4 Rd5 114. Rd8+ Kc5 115. Rh8 Rd4+ 116. Ke3 Rd6 117. Rc8+ Kd5 118. Rh8 Kc5 119. Ke4 Rd4+ 120. Ke3 Rd6 1/2-1/2


[Site "https://www.chess.com"]

[Event "Titled Tuesday Blitz February 07 Early 2023"]
[White "Lopez Del Alamo, Antonio"]
[Black "Royal, Shreyas"]
[WhiteFideId "2227339"]
[BlackFideId "448869"]
[WhiteElo "2280"]
[BlackElo "2438"]
[Result "0-1"]
[Round "04"]
[TimeControl "180+2"]
[Date "2023.02.07"]
[WhiteClock "0:01:22"]
[BlackClock "0:02:09"]

1. e4 c5 2. Nf3 d6 3. d4 cxd4 4. Nxd4 Nf6 5. Nc3 a6 6. Be2 e6 7. O-O Be7 8. Be3 b5 9. a3 Bb7 10. f3 Nbd7 11. Qe1 O-O 12. Rd1 Rc8 13. Kh1 Nb6 14. Bd3 Nc4 15. Bc1 Qb6 16. Nce2 Ne5 17. Bd2 d5 18. Ba5 Qa7 19. exd5 Bxd5 20. Nf4 Nxd3 21. Nxd3 Qxd4 22. Bc3 Qb6 23. Nf4 Bc4 0-1


[Site "https://www.chess.com"]

[Event "Titled Tuesday Blitz February 07 Early 2023"]
[White "SicilianPanzer"]
[Black "Arenas, David"]
[BlackFideId "4403177"]
[WhiteElo "2245"]
[BlackElo "2426"]
[Result "1-0"]
[Round "04"]
[TimeControl "180+2"]
[Date "2023.02.07"]
[WhiteClock "0:00:04"]
[BlackClock "0:00:32"]

1. e4 c5 2. Nc3 d6 3. d4 cxd4 4. Qxd4 Nc6 5. Qd2 g6 6. b3 Bh6 7. f4 f5 8. Bb2 Nf6 9. O-O-O fxe4 10. g3 Bg4 11. Re1 d5 12. Nxd5 O-O 13. Bc4 Kg7 14. Rxe4 Kh8 15. h3 Bf5 16. Re2 Bg7 17. Nxf6 exf6 18. Nf3 Qxd2+ 19. Rxd2 Be4 20. Bd5 f5 21. Bxg7+ Kxg7 22. Re1 Bxd5 23. Rxd5 Rf7 24. Ng5 Re7 25. Rxe7+ Nxe7 26. Rd7 Kf6 27. Nxh7+ Ke6 28. Rxb7 a5 29. a4 Rd8 30. Ng5+ Kf6 31. Rb6+ Kg7 32. Ne6+ 1-0


[Site "https://www.chess.com"]

[Event "Titled Tuesday Blitz February 07 Early 2023"]
[White "Tobares, Leandro"]
[Black "Sekar, B"]
[WhiteFideId "106402"]
[BlackFideId "5043743"]
[WhiteElo "2189"]
[BlackElo "2333"]
[Result "1-0"]
[Round "04"]
[TimeControl "180+2"]
[Date "2023.02.07"]
[WhiteClock "0:00:09"]
[BlackClock "0:00:01"]

1. d4 Nf6 2. c4 e6 3. Nf3 d5 4. Nc3 Bb4 5. cxd5 exd5 6. Bg5 h6 7. Bxf6 Qxf6 8. e3 O-O 9. Qb3 Bxc3+ 10. bxc3 c6 11. Bd3 Nd7 12. O-O Rb8 13. Qa3 a6 14. Rab1 Re8 15. c4 dxc4 16. Bxc4 Qg6 17. Qb3 Rf8 18. Kh1 b5 19. Bd3 Qd6 20. Qc2 c5 21. Rfd1 c4 22. Bf5 Nb6 23. Ne5 g6 24. Be4 Bb7 25. f4 Bxe4 26. Qxe4 Qd5 27. Qc2 Rfc8 28. Nxg6 fxg6 29. Qxg6+ Kf8 30. Qxh6+ Ke7 31. e4 Qf7 32. d5 c3 33. e5 Rd8 34. d6+ Kd7 35. Rbc1 Rbc8 36. Rf1 Qe6 37. Qg7+ Kc6 38. Rxc3+ Nc4 39. a4 Kb6 40. axb5 axb5 41. Ra1 Rd7 42. Qg3 Qd5 43. Rb1 Qc5 44. Qd3 Rg7 45. d7 Rd8 46. Rxc4 1-0


[Site "https://www.chess.com"]

[Event "Titled Tuesday Blitz February 07 Early 2023"]
[White "Sharafiev, Azat"]
[Black "Antonio, Jorge Carlos"]
[WhiteFideId "4186214"]
[BlackFideId "113190"]
[WhiteElo "2427"]
[BlackElo "2277"]
[Result "0-1"]
[Round "04"]
[TimeControl "180+2"]
[Date "2023.02.07"]
[WhiteClock "0:01:38"]
[BlackClock "0:01:25"]

1. e4 c5 2. Nf3 e6 3. d4 cxd4 4. Nxd4 a6 5. Be3 Nf6 6. Bd3 Nc6 7. O-O Ne5 8. Be2 Nxe4 9. Nd2 Nxd2 10. Qxd2 Be7 11. f4 Nc6 12. f5 e5 13. Nf3 d5 14. Bg5 f6 15. Bh4 Bxf5 16. Nxe5 fxe5 17. Bxe7 Nxe7 18. Qg5 O-O 19. g4 Bxc2 20. Qxe5 Qb6+ 21. Kg2 Be4+ 22. Bf3 Ng6 23. Qg3 Qxb2+ 24. Kg1 Bxf3 0-1


[Site "https://www.chess.com"]

[Event "Titled Tuesday Blitz February 07 Early 2023"]
[White "Czopor, Maciej"]
[Black "Simonovic, Miroslav"]
[WhiteFideId "21805431"]
[BlackFideId "919152"]
[WhiteElo "2385"]
[BlackElo "2082"]
[Result "1-0"]
[Round "04"]
[TimeControl "180+2"]
[Date "2023.02.07"]
[WhiteClock "0:00:06"]
[BlackClock "0:00:31"]

1. c4 c5 2. Nc3 Nc6 3. b3 e5 4. Bb2 g6 5. h4 h5 6. g3 Bg7 7. Bg2 Nge7 8. Nf3 d6 9. O-O O-O 10. a3 a5 11. d3 Be6 12. Nd2 d5 13. cxd5 Nxd5 14. Nce4 b6 15. Rc1 Qd7 16. Nc4 Rab8 17. e3 f5 18. Ng5 Bf6 19. Nxe6 Qxe6 20. Qe2 Rfd8 21. Rfd1 Kf7 22. Qc2 Nde7 23. Re1 Qd7 24. Rcd1 Qc7 25. Qb1 f4 26. Be4 g5 27. hxg5 Bxg5 28. d4 cxd4 29. exf4 exf4 30. Bxc6 Nxc6 31. Qh7+ Kf8 32. Qxc7 Rbc8 33. Qh7 fxg3 34. fxg3 Be3+ 35. Nxe3 dxe3 36. Qg7+ Ke8 37. Rxe3+ 1-0


[Site "https://www.chess.com"]

[Event "Titled Tuesday Blitz February 07 Early 2023"]
[White "Mendez Fortes, Eduardo Jesus"]
[Black "Adithya A Chullikkad"]
[WhiteFideId "3502376"]
[BlackFideId "45078734"]
[WhiteElo "2250"]
[BlackElo "2259"]
[Result "1-0"]
[Round "04"]
[TimeControl "180+2"]
[Date "2023.02.07"]
[WhiteClock "0:00:11"]
[BlackClock "0:00:06"]

1. e4 c5 2. Nf3 d6 3. d4 cxd4 4. Nxd4 Nf6 5. Nc3 a6 6. Bg5 e6 7. f4 Be7 8. Qf3 Nbd7 9. O-O-O Qc7 10. g4 b5 11. Bxf6 Bxf6 12. g5 Be7 13. f5 Bxg5+ 14. Kb1 Ne5 15. Qh5 Bf6 16. fxe6 g6 17. exf7+ Qxf7 18. Qe2 Nc4 19. Qg2 Bb7 20. Bxc4 Qxc4 21. Qf2 O-O 22. Qe3 Rae8 23. a3 d5 24. h4 dxe4 25. h5 g5 26. h6 b4 27. axb4 Qxb4 28. Rhg1 Re5 29. Nb3 a5 30. Rd7 Bc6 31. Rc7 a4 32. Qa7 Re7 33. Rxe7 Qxe7 34. Qxe7 Bxe7 35. Nd4 Bd7 36. Nd5 Bd8 37. Re1 Re8 38. c4 Re5 39. Ne3 Bb6 40. Rd1 Be8 41. Ndc2 Bxe3 42. Nxe3 Bg6 43. Ng4 Re7 44. Re1 e3+ 45. Kc1 e2 46. Kd2 Bh5 47. Nf6+ Kf7 48. Nxh5 Kg6 49. Ng3 Kxh6 50. Nxe2 Rd7+ 51. Kc3 g4 52. Rg1 Kg5 53. Nd4 h5 54. c5 h4 55. c6 Rd5 56. c7 Rc5+ 57. Kd3 Rxc7 58. Ne6+ Kf5 59. Nxc7 h3 60. Ke3 h2 61. Rh1 g3 62. Kf3 g2 63. Kxg2 1-0


[Site "https://www.chess.com"]

[Event "Titled Tuesday Blitz February 07 Early 2023"]
[White "Sai Han Thiha"]
[Black "Shimanov, Aleksandr"]
[WhiteFideId "13012290"]
[BlackFideId "4198603"]
[WhiteElo "2070"]
[BlackElo "2581"]
[Result "0-1"]
[Round "04"]
[TimeControl "180+2"]
[Date "2023.02.07"]
[WhiteClock "0:00:03"]
[BlackClock "0:00:06"]

1. d4 c5 2. d5 e6 3. e4 d6 4. c4 exd5 5. cxd5 g6 6. Nf3 Bg4 7. Be2 Bxf3 8. Bxf3 Bg7 9. Nc3 a6 10. a4 Nd7 11. Bf4 Qe7 12. Qd2 Ngf6 13. O-O O-O 14. Bh6 Rab8 15. Bxg7 Kxg7 16. Rfe1 Rfe8 17. h3 b5 18. axb5 axb5 19. Ra7 b4 20. Ne2 Qd8 21. Ng3 h6 22. h4 Re7 23. Ra6 Rb6 24. Raa1 Qc7 25. h5 Rb8 26. Qf4 Ne5 27. Be2 c4 28. Rec1 c3 29. bxc3 b3 30. Rab1 Qc5 31. c4 Ra7 32. Rc3 b2 33. hxg6 fxg6 34. Nf5+ gxf5 35. Rg3+ Neg4 36. e5 dxe5 37. Qxf5 h5 38. Bd3 Kf8 39. Rxg4 hxg4 40. Qxf6+ Rf7 41. Qh6+ Ke7 42. Qd2 Qd4 43. Qe2 g3 44. Rf1 gxf2+ 45. Rxf2 Rxf2 46. Qxf2 b1=Q+ 47. Bf1 Qxf2+ 48. Kxf2 Rf8+ 0-1


[Site "https://www.chess.com"]

[Event "Titled Tuesday Blitz February 07 Early 2023"]
[White "Kozak, Adam"]
[Black "Baches Garcia, Guillermo"]
[WhiteFideId "753246"]
[BlackFideId "2209764"]
[WhiteElo "2572"]
[BlackElo "2327"]
[Result "1-0"]
[Round "04"]
[TimeControl "180+2"]
[Date "2023.02.07"]
[WhiteClock "0:01:41"]
[BlackClock "0:00:22"]

1. e4 c5 2. Nf3 d6 3. d4 cxd4 4. Nxd4 Nf6 5. Nc3 Nc6 6. Bg5 e6 7. Qd2 h6 8. Bxf6 gxf6 9. O-O-O a6 10. Kb1 Bd7 11. f4 Qb6 12. Nb3 O-O-O 13. g3 h5 14. Bh3 h4 15. f5 hxg3 16. hxg3 Rg8 17. Qf4 Ne5 18. fxe6 fxe6 19. Qxf6 Bg7 20. Qe7 Nc4 21. Bxe6 Bxc3 22. Bxc4 Be5 23. Bxg8 Rxg8 24. Qf7 Rxg3 25. Rh7 Qc6 26. Nc5 dxc5 27. Qf8+ 1-0


[Site "https://www.chess.com"]

[Event "Titled Tuesday Blitz February 07 Early 2023"]
[White "Harsh Suresh"]
[Black "Bozorov, Makhsum"]
[WhiteFideId "45018464"]
[BlackFideId "14201330"]
[WhiteElo "2298"]
[BlackElo "2145"]
[Result "1-0"]
[Round "04"]
[TimeControl "180+2"]
[Date "2023.02.07"]
[WhiteClock "0:00:48"]
[BlackClock "0:00:22"]

1. Nf3 Nf6 2. b3 g6 3. Bb2 Bg7 4. g3 b6 5. Bg2 Bb7 6. O-O O-O 7. c4 c5 8. Nc3 d6 9. e3 Nbd7 10. Qe2 Ne4 11. Rac1 Nxc3 12. Bxc3 Qc7 13. Bxg7 Kxg7 14. d4 Nf6 15. Rfd1 e5 16. dxe5 dxe5 17. Nd2 Bxg2 18. Kxg2 Rad8 19. Qf3 Rd7 20. Nb1 e4 21. Qf4 Qxf4 22. gxf4 Rfd8 23. Nc3 Kf8 24. Rxd7 Rxd7 25. Rd1 Rxd1 26. Nxd1 Ke7 27. Nc3 Kd7 28. f3 exf3+ 29. Kxf3 Kc6 30. e4 a6 31. e5 Ne8 32. Kg4 Nc7 33. Kg5 Kd7 34. Kf6 Ke8 35. Ne4 Ne6 36. Nd6+ Kd7 37. Kxf7 Nxf4 38. Ne4 h6 39. Nf6+ Kc7 40. e6 Nxe6 41. Kxe6 Kc6 42. Ng8 h5 43. Ne7+ 1-0


[Site "https://www.chess.com"]

[Event "Titled Tuesday Blitz February 07 Early 2023"]
[White "Shubenkova, Veronika"]
[Black "Vakhlamov, Igor L."]
[WhiteFideId "44124040"]
[BlackFideId "24126748"]
[WhiteElo "1960"]
[BlackElo "2413"]
[Result "0-1"]
[Round "04"]
[TimeControl "180+2"]
[Date "2023.02.07"]
[WhiteClock "0:01:02"]
[BlackClock "0:00:10"]

1. e4 c5 2. Nc3 e6 3. g3 d5 4. d3 Nf6 5. Bg2 dxe4 6. Nxe4 Nxe4 7. Bxe4 Be7 8. Ne2 O-O 9. O-O Nc6 10. b3 Bf6 11. Rb1 Nd4 12. Bb2 Rb8 13. Nxd4 cxd4 14. Qd2 b5 15. Ba3 Re8 16. f4 Bb7 17. Rbe1 Qc7 18. Qg2 a5 19. Bb2 b4 20. Rf2 Rec8 21. Ree2 a4 22. g4 g6 23. f5 exf5 24. gxf5 Bxe4 25. Rxe4 Be5 26. fxg6 hxg6 27. Bxd4 Bxd4 28. Rxd4 Qe5 29. Re4 Qa1+ 30. Rf1 Qxa2 31. Qf3 Rc7 32. bxa4 Qxc2 33. Rc4 Rxc4 34. Qxf7+ Kh8 35. dxc4 Qe4 36. Qf6+ Kh7 37. Qf7+ Kh8 38. Qd5 Qg4+ 39. Kh1 Re8 40. Qb7 Qxc4 41. Qf3 Qe4 42. a5 Qxf3+ 43. Rxf3 Ra8 44. Rb3 Rxa5 45. Rxb4 Kg7 46. Rb6 Kh6 47. Kg2 Kh5 48. Rb8 Ra2+ 49. Kg3 Ra3+ 50. Kg2 g5 51. Rb6 Kh4 52. Rh6+ Kg4 53. h3+ Kf5 54. Rb6 Ra2+ 55. Kg3 Ra3+ 56. Kg2 Ra4 57. Rb5+ Kf4 58. Rb2 Ra3 59. Rf2+ Ke5 60. Re2+ Kf5 61. Rf2+ Kg6 62. Kh2 Kh5 63. Rg2 Ra4 64. Kg3 Rb4 65. Kh2 Rc4 66. Kg3 Rd4 67. Kh2 Kh4 68. Re2 Rf4 69. Rg2 Rf3 70. Rg4+ Kh5 71. Kg2 Ra3 72. Kh2 Ra2+ 73. Rg2 Ra4 74. Rf2 Kh4 75. Rg2 Rb4 76. Rf2 Rb3 77. Rg2 Rxh3+ 78. Kg1 Rg3 79. Kf2 Rxg2+ 80. Kxg2 Kg4 81. Kh2 Kf3 82. Kh3 g4+ 83. Kh2 Kf2 84. Kh1 Kg3 85. Kg1 Kh3 86. Kh1 g3 87. Kg1 g2 88. Kf2 Kh2 0-1


[Site "https://www.chess.com"]

[Event "Titled Tuesday Blitz February 07 Early 2023"]
[White "Tarasova, Viktoriya"]
[Black "Maximov, Dmitry"]
[WhiteFideId "4175840"]
[BlackFideId "14105659"]
[WhiteElo "2226"]
[BlackElo "2497"]
[Result "0-1"]
[Round "04"]
[TimeControl "180+2"]
[Date "2023.02.07"]
[WhiteClock "0:00:21"]
[BlackClock "0:00:14"]

1. d4 Nf6 2. c4 g6 3. Nc3 Bg7 4. e4 O-O 5. h3 d6 6. Be3 e5 7. d5 a5 8. g4 Na6 9. Be2 Nd7 10. Qc2 Ndc5 11. a3 f5 12. O-O-O Bd7 13. f3 Nb4 14. axb4 axb4 15. Nb5 Bxb5 16. cxb5 b3 17. Qb1 fxe4 18. fxe4 Rf2 19. Bxf2 Bh6+ 20. Rd2 Nxe4 21. Be1 Qg5 22. Nf3 Qe3 23. g5 Nxd2 24. Bxd2 Qxe2 25. gxh6 Qxf3 26. Rg1 Qxd5 27. Rxg6+ Kh8 28. Rg7 Qh1+ 0-1


[Site "https://www.chess.com"]

[Event "Titled Tuesday Blitz February 07 Early 2023"]
[White "Maung, Maung Kyaw Zaw Hein"]
[Black "Fernandez Guillen, Ernesto J."]
[WhiteFideId "13001698"]
[BlackFideId "3512428"]
[WhiteElo "2119"]
[BlackElo "2477"]
[Result "0-1"]
[Round "04"]
[TimeControl "180+2"]
[Date "2023.02.07"]
[WhiteClock "0:01:49"]
[BlackClock "0:02:09"]

1. Nf3 Nf6 2. c4 g6 3. Nc3 d5 4. cxd5 Nxd5 5. Qa4+ c6 6. e4 Nb6 7. Qb3 Bg7 8. a4 O-O 9. a5 N6d7 10. Bc4 Nc5 11. Qc2 e5 12. O-O Be6 13. Bxe6 Nxe6 14. d3 Qd7 15. Be3 Rd8 16. Rfd1 Na6 17. Ne1 Bf8 18. Na4 Bb4 19. Nf3 Qc7 20. Nc3 Bxa5 21. Nd5 cxd5 22. Qxc7 Bxc7 23. exd5 Rxd5 24. Rdc1 0-1


[Site "https://www.chess.com"]